 Dungeon Crawl Stone Soup version 0.28-a0-1190-g77e1c55843 (webtiles) character file.

Game seed: 292098534739668898

4625 bearlyready the Tainter (level 10, -3/80 HPs)
             Began as a White Draconian Venom Mage on Dec 19, 2021.
             Slain by a vampire (8 damage)
             ... on level 7 of the Dungeon.
             The game lasted 00:39:20 (10566 turns).

bearlyready the Tainter (DrVM)                     Turns: 10566, Time: 00:39:21

Health: -3/80      AC:  8    Str: 11    XL:     10   Next: 19%
Magic:  13/13      EV: 12    Int: 19    God:
Gold:   434        SH:  0    Dex: 12    Spells: 8/13 levels left

rFire   . . .      SeeInvis .   u - +2 spear (flame)
rCold   + . .      Faith    .   (no shield)
rNeg    . . .      Spirit   .   (armour unavailable)
rPois   .          Reflect  .   (helmet restricted)
rElec   .          Harm     .   (no cloak)
rCorr   +          Rampage  .   b - +0 pair of gloves
Will    .....                   (no boots)
Stlth   +++.......              d - amulet of magic regeneration
HPRegen 0.23/turn               k - ring of resist corrosion
MPRegen 0.53/turn               (no ring)

@: brilliant, about to teleport
A: breathe frost, AC +7, unfitting armour, cold resistance 1, cold-blooded,
camouflage 1
a: Breathe Frost


You were on level 7 of the Dungeon.
You visited 2 branches of the dungeon, and saw 9 of its levels.

You collected 434 gold pieces.

Inventory:

Hand Weapons
 c - a +0 dagger
 s - a +0 short sword of protection
 u - a +2 spear of flaming (weapon)
Missiles
 v - a throwing net
Armour
 b - a +0 pair of gloves (worn)
Magical Staves
 p - a staff of death
Jewellery
 d - an amulet of magic regeneration (around neck)
 k - a ring of resist corrosion (left hand)
Wands
 o - a wand of acid (10)
 t - a wand of paralysis (1)
 w - a wand of flame (37)
Scrolls
 a - 4 scrolls of immolation
 e - a scroll of magic mapping {unknown}
 h - 2 scrolls of enchant weapon {unknown}
 j - a scroll of vulnerability
 l - a scroll of fog {unknown}
 n - 4 scrolls of identify
 r - a scroll of fear {unknown}
 y - a scroll of blinking {unknown}
Potions
 g - a potion of degeneration {unknown}
 i - a potion of mutation
 m - a potion of flight {unknown}
 x - a potion of attraction {unknown}
 z - a potion of cancellation {unknown}
 A - a potion of resistance {unknown}
 B - a potion of lignification


   Skills:
 + Level 4.9 Fighting
 - Level 1.7 Dodging
 - Level 1.7 Stealth
 - Level 2.0 Spellcasting
 - Level 1.0 Transmutations
 - Level 14.3 Poison Magic


You had 8 spell levels left.
You knew the following spells:

 Your Spells              Type           Power      Damage    Failure   Level
a - Sting                 Tmut/Pois      100%       1d8       1%          1
b - Olgreb's Toxic Radia  Pois           71%        N/A       1%          4

Your spell library contained the following spells:

 Spells                   Type           Power      Damage    Failure   Level
 Poisonous Vapours        Pois/Air       86%        N/A       1%          2
 Mephitic Cloud           Conj/Pois/Air  30%        N/A       7%          3


Dungeon Overview and Level Annotations

Branches:
Dungeon (8/15)             Temple (1/1) D:6            Lair (0/6) D:8

Altars:
Dithmenos
Elyvilon
Fedhas
Hepliaklqana
Kikubaaqudgha
Makhleb
Qazlal
Sif Muna
Wu Jian
Xom
Yredelemnul
Zin
The Shining One


Innate Abilities, Weirdness & Mutations

You can breathe waves of freezing cold which knock back foes.
Your icy white scales are hard. (AC +7)
You cannot fit into any form of body armour.
Your flesh is cold resistant. (rC+)
You are cold-blooded and may be slowed by cold attacks.
Your skin changes colour to match your surroundings (Stealth+).


Message History

Deactivating autopickup; reactivate with Ctrl-A.
Something bites you but does no damage.
You hear some strange, mumbled words.
You are confused.
You feel clever all of a sudden.
You barely miss something. Something hits you! Something bites you!
Something draws strength from your injuries!
You are too confused!
You barely miss something.
You hear some strange, mumbled words.
Something tries to affect you, but you resist.
You are too confused!
You closely miss something. You tail-slap something. Something hits you!
Something bites you.
Something draws strength from your injuries!
You barely miss something.
You feel less confused. Something hits you.
Something bites you but does no damage.
As you read the scroll of teleportation, it crumbles to dust.
You feel strangely unstable. Something hits you. Something bites you.
* * * LOW HITPOINT WARNING * * *
Something draws strength from your injuries!
Your surroundings seem slightly different.
You are confused.
You are more confused.
You are too confused!
You see here a +0 flail.
Something completely misses you. x2
You're too confused to move!
You feel less confused. Something hits you!
* * * LOW HITPOINT WARNING * * *
Something bites you!
* * * LOW HITPOINT WARNING * * *
Something draws strength from your injuries!
As you read the scroll of teleportation, it crumbles to dust.
You feel strangely unstable. Something hits you.
* * * LOW HITPOINT WARNING * * *
Something bites you!
You die...

##########.###.......).#.#.##[#..
.# #.# #.........#.#.##.#.. .##
#.# #....[....#(#.##.#.. ..# #.#
#....(....#.#.##[#.. #.## #.#
#....)....#.#.##.#.. #..# #.#
#..(..###.#.#.##.#.. ##.# #.#
#.....# #.#.#.##.#.. #.# #.#
#.{...# #.#.#.##.#.. #.#
#.###..@..###.#.#.##.#.# #.##
#.#.'.....'...#.#.....(# #..#
#.#.#.....#####.####.### ##.##
#.#.#.....# #.# #.... #..#
#.#.####### #.####..## ####.###
#.#.# #.......# .......# #.#.#
#######<# .###.#.#
#.#.############# ### .#...#.#
#.#.............#


There were no monsters in sight!

Vanquished Creatures
  A troll (D:8)
  A wyvern (D:8)
  A steam dragon (D:7)
  5 yaks (D:8)
  Edmund (D:4)
  Duvessa (D:6)
  A hornet zombie (D:7)
  A black bear (D:4)
  An orc warrior (D:6)
  3 ogres
  A wolf (D:7)
  A centaur (D:6)
  4 bullfrogs
  A gnoll sergeant (D:7)
  3 scorpions
  A jelly (D:6)
  Dowan (D:6)
  A water moccasin skeleton (D:6)
  5 killer bees (D:8)
  3 howler monkeys (D:7)
  3 wights (D:6)
  4 electric eels (D:8)
  A centaur skeleton (D:7)
  A centaur zombie (D:7)
  6 hounds (D:8)
  2 orc priests
  Jessica (D:2)
  2 iguanas
  6 orc wizards
  10 gnolls
  8 adders
  A shadow imp (D:7)
  An adder skeleton (D:2)
  3 worms
  4 dart slugs
  22 orcs
  3 bats
  12 endoplasms
  3 giant cockroaches
  11 goblins
  6 hobgoblins
  4 jackals (D:2)
  6 kobolds
  3 quokkas
  10 ball pythons
  A quokka skeleton (D:4)
  6 rats
177 creatures vanquished.

Vanquished Creatures (collateral kills)
  A centaur zombie (D:7)
  A black bear (D:7)
2 creatures vanquished.

Grand Total: 179 creatures vanquished

Notes
Turn   | Place    | Note
-------+----------+-------------------------------------------
     0 | D:1      | bearlyready the Draconian Venom Mage began the quest for
                  | the Orb.
     0 | D:1      | Reached XP level 1. HP: 14/14 MP: 3/3
   296 | D:1      | Found a faded altar of an unknown god.
   586 | D:1      | Reached XP level 2. HP: 20/20 MP: 1/5
  1108 | D:1      | Reached skill level 4 in Poison Magic
  1500 | D:2      | Reached XP level 3. HP: 21/26 MP: 6/6
  1930 | D:2      | Reached XP level 4. HP: 31/33 MP: 7/7
  2090 | D:2      | Reached skill level 5 in Poison Magic
  2515 | D:2      | Noticed Jessica
  2523 | D:2      | Killed Jessica
  2760 | D:3      | Learned a level 4 spell: Olgreb's Toxic Radiance
  2821 | D:3      | Found an ornate altar of the Wu Jian Council.
  2832 | D:3      | Reached XP level 5. HP: 18/38 MP: 8/8
  3349 | D:3      | Found an ancient bone altar of Kikubaaqudgha.
  3354 | D:3      | Reached skill level 6 in Poison Magic
  4234 | D:4      | Noticed a black bear
  4252 | D:4      | Noticed Edmund
  4252 | D:4      | Killed a black bear
  4253 | D:4      | Reached XP level 6. HP: 15/45 MP: 6/9
  4492 | D:4      | Gained mutation: Your skin changes colour to match your
                  | surroundings (Stealth+). [potion of mutation]
  4777 | D:4      | Killed Edmund
  4778 | D:4      | Reached skill level 7 in Poison Magic
  5270 | D:4      | Reached skill level 8 in Poison Magic
  5270 | D:4      | Your scales start taking on an icy white colour.
  5270 | D:4      | Reached XP level 7. HP: 48/50 MP: 4/10
  5270 | D:4      | Gained mutation: Your flesh is cold resistant. (rC+) [White
                  | Draconian growth]
  5441 | D:4      | Found a shimmering blue altar of Sif Muna.
  5497 | D:5      | Entered Level 5 of the Dungeon
  5839 | D:5      | Reached skill level 9 in Poison Magic
  6066 | D:5      | Identified the +2 leather armour of Music {*Slow rElec rF++
                  | rN+ rCorr}
  6112 | D:5      | You fall into a shaft and drop 2 floors!
  6138 | D:7      | Reached XP level 8. HP: 51/57 MP: 9/11
  6177 | D:7      | Reached skill level 10 in Poison Magic
  6350 | D:7      | HP: 1/57 [centaur warrior zombie (7)]
  6365 | D:7      | HP: 2/57 [centaur warrior zombie (2)]
  6370 | D:7      | Reached skill level 11 in Poison Magic
  6937 | D:7      | Reached skill level 12 in Poison Magic
  6937 | D:7      | Reached XP level 9. HP: 10/62 MP: 12/12
  8225 | D:6      | Paralysed by an orc warrior for 6 turns
  8441 | D:6      | Found a glowing golden altar of the Shining One.
  8473 | D:6      | Noticed Duvessa
  8477 | D:6      | Noticed Dowan
  8484 | D:6      | Killed Dowan
  8485 | D:6      | Killed Duvessa
  8497 | D:6      | Reached skill level 13 in Poison Magic
  8837 | D:6      | Found a staircase to the Ecumenical Temple.
  8853 | Temple   | Entered the Ecumenical Temple
  9277 | D:8      | Noticed a troll
  9287 | D:8      | Killed a troll
  9324 | D:8      | Reached skill level 14 in Poison Magic
  9333 | D:8      | Reached skill level 1 in Fighting
  9338 | D:7      | Reached XP level 10. HP: 28/73 MP: 9/13
  9897 | D:8      | Found a staircase to the Lair.
 10566 | D:7      | Slain by a vampire

Illustrated notes

Levels and vault maps discovered:
D:1:      lemuel_arrival_lava_pool, layout_basic, ebering_ecumenical_altar_rust,
          nrook_mini_backslash
D:2:      layout_basic, serial_park_tiny_1, minmay_cupped, uniq_jessica
D:3:      layout_loops_corners, marbit_many_paths, mainiacjoe_overflow_boulevard
D:4:      kennysheep_the_goblin_king, layout_cave_pools, led_sif_book,
          minmay_misc_feat_more_columns, uniq_edmund
D:5:      layout_layer_cave, minitemple, uniq_menkaure
D:6:      layout_gridville, tso_metal_star, mainiacjoe_overflow_24_doors,
          temple_statues, portal_sewer_entry_a, minmay_checkerbox, uniq_duvessa
D:7:      layout_basic
D:8:      layout_cave_pools, erik_lair_island, ebering_ghost_rock_garden,
          minmay_manual_mess
Temple:   jpeg_temple_island

Skill      XL: |  1  2  3  4  5  6  7  8  9 10 |
---------------+-------------------------------+-----
Poison Magic   | 4 5 6 8 9 12 14 | 14.3
Fighting       | 2 4 |  4.9
Dodging        | |  1.7
Stealth        | |  1.7
Spellcasting   | |  2.0
Transmutations | |  1.0

Action                   |  1- 3 |  4- 6 |  7- 9 | 10-12 || total
-------------------------+-------+-------+-------+-------++-------
Melee: Unarmed           |    18 |       |       |       ||    18
       Dagger            |    49 |    76 |       |       ||   125
       Tailslap          |     7 |    10 |    27 |     3 ||    47
       Short sword       |       |    38 |   103 |       ||   141
       Spear             |       |       |    88 |    34 ||   122
 Cast: Sting             |    38 |    74 |    33 |     4 ||   149
       Olgreb's Toxic Ra |       |     6 |    34 |    14 ||    54
 Abil: Breathe Frost     |       |       |     6 |       ||     6
Evoke: Wand              |       |       |     3 |       ||     3
  Use: Potion            |       |     3 |     3 |     1 ||     7
       Scroll            |       |       |     5 |     2 ||     7
 Stab: Sleeping          |     1 |     7 |     1 |       ||     9
Armor: Skin              |    28 |    53 |   126 |    15 ||   222
Dodge: Dodged            |    64 |    90 |   176 |    32 ||   362

Table legend: (Time is in decaauts)
 A = Elapsed time spent in this place.
 B = Non-inter-level travel time spent in this place.
 C = Inter-level travel time spent in this place.
 D = Time resting spent in this place.
 E = Time spent auto-exploring this place.
 F = Levels seen in this place.
 G = Mean time per level.
                   A        B        C        D        E       F      G
               +--------+--------+--------+--------+--------+-----+--------+
         Total |  10645 |  10354 |    291 |   1063 |   7645 |   9 | 1182.8 |
       Dungeon |  10309 |  10049 |    260 |   1063 |   7367 |   8 | 1288.6 |
        Temple |    335 |    304 |     31 |      0 |    277 |   1 |  335.0 |
               +--------+--------+--------+--------+--------+-----+--------+

Top non-repeatable levels by time:
     D:7: 1909 daAuts
     D:3: 1775 daAuts
     D:1: 1475 daAuts
     D:2: 1281 daAuts
     D:6: 1217 daAuts
     D:8: 1059 daAuts
     D:4: 974 daAuts
     D:5: 616 daAuts
  Temple: 335 daAuts
